 Dungeon Crawl Stone Soup version 0.30.0 (webtiles) character file.

Game seed: 13939212060388755208

2984 123 the Basher (level 9, -3/144 HPs)
             Began as an Ogre Berserker on Sept 10, 2023.
             Was an Elder of Trog.
             Succumbed to a killer bee's poison
             ... on level 7 of the Dungeon.
             The game lasted 00:37:36 (7181 turns).

123 the Basher (Ogre Berserker)                     Turns: 7181, Time: 00:37:37

Health: -3/144     AC: 12    Str: 27    XL:     9   Next: 83%
Magic:  1/9        EV: 11    Int:  8    God:    Trog [****..]
Gold:   57         SH:  0    Dex: 12    Spells: 8/8 levels left

rFire   + . .        p - +3 mace of Taeler {protect, Dex+4}
rCold   + . .        (no shield)
rNeg    + . .        x - +2 robe {rN+}
rPois   .            (helmet restricted)
rElec   .            B - scarf {rC+ rF+}
rCorr   .            (gloves unavailable)
SInv    +            (boots unavailable)
Will    .....        g - amulet of guardian spirit Stlth
                     E - ring of see invisible
HPRegen 0.44/turn    (no ring)
MPRegen 0.11/turn

%: guardian spirit
@: berserking, lethally poisoned (-3 -> -33), under a protective aura, very
quick
A: large, unfitting armour, tough skin 1, mutation resistance 1, wild magic 1
a: Renounce Religion, Berserk, Trog's Hand, Brothers in Arms


You were on level 7 of the Dungeon.
You worshipped Trog.
Trog was greatly pleased with you.
You visited 2 branches of the dungeon, and saw 8 of its levels.
You also visited: Sewer.

You collected 505 gold pieces.
You spent 448 gold pieces at shops.

Inventory:

Hand Weapons
 e - the +9 rapier of Youthful Indiscretion {venom, Fly rN+}
   (You found it on level 3 of the Dungeon)

   rN:        It protects you from negative energy.
   Fly:       It grants you flight.
 p - the +3 mace of Taeler (weapon) {protect, Dex+4}
   (You found it on level 3 of the Dungeon)

   Dex:       It affects your dexterity (+4).
 q - a +3 flail of draining
Missiles
 t - 4 boomerangs of dispersal (quivered)
Armour
 x - a +2 robe of positive energy (worn)
 B - a scarf of resistance (worn)
Jewellery
 g - an amulet of guardian spirit (around neck)
 E - a ring of see invisible (left hand)
Wands
 b - a wand of roots (5)
 s - a wand of flame (11)
 y - a wand of paralysis (7)
 z - a wand of polymorph (8)
 D - a wand of mindburst (22)
Scrolls
 c - 2 scrolls of vulnerability
 r - 2 scrolls of teleportation
 u - a scroll of magic mapping
 A - a scroll of blinking
Potions
 a - 2 potions of heal wounds
 d - a potion of brilliance
 f - 2 potions of invisibility
 h - a potion of flight
 i - 5 potions of attraction
 j - 3 potions of haste
 k - 2 potions of berserk rage
 l - 3 potions of magic
 m - 2 potions of resistance
 n - 3 potions of might
 o - a potion of ambrosia
 w - 3 potions of curing


   Skills:
 * Level 8.1 Fighting
 - Level 1.1 Short Blades
 + Level 4.9(8.0) Axes
 + Level 9.1(9.5) Maces & Flails
 + Level 5.8 Dodging


You had 8 spell levels left.
You didn't know any spells.
Your spell library was empty.

Dungeon Overview and Level Annotations

Branches:
Dungeon (7/15)             Temple (1/1) D:5           Sewer (visited)

Altars:
Dithmenos
Gozag
Hepliaklqana
Makhleb
Nemelex Xobeh
Okawaru
Qazlal
Ru
Xom
Yredelemnul
Zin
The Shining One

Shops:
D:4 (   D:6 *


Innate Abilities, Weirdness & Mutations

You are too large for most types of armour.
You have tough skin. (AC +1)
You are somewhat resistant to further mutation.
Your spells are a little harder to cast, but a little more powerful.


Message History

The killer bee stings you.
You are more poisoned.
The killer bee poisons you! The killer bee barely misses you.
The killer bee stings you.
* * * LOW HITPOINT WARNING * * *
The killer bee stings you.
* * * LOW HITPOINT WARNING * * *
You are too berserk!
You barely miss the killer bee.
The killer bee is almost dead.
* * * LOW HITPOINT WARNING * * *
You feel extremely sick.
The killer bee stings you but does no damage. x2
The killer bee stings you.
* * * LOW HITPOINT WARNING * * *
You are more poisoned.
The killer bee poisons you!
The killer bee stings you but does no damage.
The killer bee closely misses you.
You sock the killer bee!
You kill the killer bee!
Trog accepts your kill.
* * * LOW HITPOINT WARNING * * *
You feel extremely sick. The killer bee misses you.
The killer bee barely misses you.
The killer bee stings you but does no damage. x3
The killer bee stings you.
* * * LOW HITPOINT WARNING * * *
The killer bee barely misses you. The killer bee stings you.
* * * LOW HITPOINT WARNING * * *
You miss the killer bee.
* * * LOW HITPOINT WARNING * * *
You feel very sick. The killer bee closely misses you.
The killer bee stings you.
* * * LOW HITPOINT WARNING * * *
The killer bee stings you!
* * * LOW HITPOINT WARNING * * *
The killer bee closely misses you.
You barely miss the killer bee. Your punch misses the killer bee.
You die...

###
####.#######
##..(.......###
#.............#
##............#
##......yy...##
###....@y....#
..
##..###y†....#
#. ##..##
####...# #
##..## ..# ###
##..## .#
..#####..## #
### ....##..##
#.. ....#...##
#.) .........#
#..


You could see 4 killer bees.

Vanquished Creatures
  Pikel (D:6)
  Edmund (D:4)
  Duvessa (D:6)
  2 water moccasins (D:7)
  4 ice beasts
  A sky beast (D:6)
  A black bear (D:6)
  4 ogres
  2 bullfrogs (D:7)
  2 scorpions
  Dowan (D:6)
  2 killer bees (D:7)
  5 jellies
  3 hounds
  2 sleepcaps (D:6)
  6 iguanas
  Terence (D:2)
  4 orc wizards
  3 river rats (Sewer)
  9 adders
  A white imp (D:7)
  2 worms (D:2)
  3 dart slugs
  15 orcs
  11 ball pythons
  16 endoplasms
  11 giant cockroaches
  14 goblins
  8 hobgoblins
  11 jackals
  7 kobolds
  3 quokkas
  2 bats
  9 frilled lizards
  6 rats
174 creatures vanquished.

Vanquished Creatures (others)
  4 plants (D:2)
4 creatures vanquished.

Grand Total: 178 creatures vanquished

Notes
Turn   | Place    | Note
-------+----------+-------------------------------------------
     0 | D:1      | 123 the Ogre Berserker began the quest for the Orb.
     0 | D:1      | Reached XP level 1. HP: 24/24 MP: 1/1
   154 | D:1      | Reached XP level 2. HP: 28/32 MP: 2/2
   328 | D:1      | Reached XP level 3. HP: 37/40 MP: 3/3
   330 | D:1      | Reached ** piety under Trog
   742 | D:2      | Found a burning altar of Makhleb.
   992 | D:2      | Noticed Terence
  1004 | D:2      | Killed Terence
  1005 | D:2      | Reached XP level 4. HP: 37/49 MP: 2/4
  1483 | D:3      | Identified the +9 rapier of Youthful Indiscretion {venom,
                  | Fly rN+}
  1508 | D:3      | Found a faded altar of an unknown god.
  1539 | D:3      | Found a stormy altar of Qazlal.
  1634 | D:3      | Reached skill level 5 in Fighting
  1635 | D:3      | Reached XP level 5. HP: 23/57 MP: 1/5
  1906 | D:3      | Identified the +3 mace of Taeler {protect, Dex+4}
  1911 | D:3      | Found a shimmering altar of Xom.
  2063 | D:4      | Noticed Edmund
  2063 | D:4      | Noticed an ogre
  2068 | D:4      | Reached skill level 1 in Short Blades
  2142 | D:4      | Noticed an ogre
  2149 | D:4      | Killed an ogre
  2150 | D:4      | Reached skill level 1 in Maces & Flails
  2150 | D:4      | Reached XP level 6. HP: 39/66 MP: 2/6
  2298 | D:4      | Noticed an ice beast
  2309 | D:4      | Killed an ice beast
  2310 | D:4      | Reached skill level 2 in Maces & Flails
  2379 | D:4      | Reached XP level 7. HP: 52/75 MP: 2/7
  2379 | D:4      | Reached *** piety under Trog
  2604 | D:4      | Killed Edmund
  2605 | D:4      | Reached skill level 3 in Maces & Flails
  2643 | D:4      | Found Nusan's Antique Weapon Shoppe.
  3003 | D:5      | Entered Level 5 of the Dungeon
  3232 | D:5      | Reached skill level 4 in Maces & Flails
  3478 | D:5      | Gained mutation: You are robust. (+10% HP) [potion of
                  | mutation]
  3478 | D:5      | Gained mutation: Your magical capacity is low. (-10% MP)
                  | [potion of mutation]
  3478 | D:5      | Gained mutation: You expend magic power (3 MP) to
                  | strengthen your wands. [potion of mutation]
  3478 | D:5      | Gained mutation: Your movements are slightly less
                  | encumbered by armour. (ER -2) [potion of mutation]
  3479 | D:5      | Lost mutation: You expend magic power (3 MP) to strengthen
                  | your wands. [potion of mutation]
  3479 | D:5      | Lost mutation: You are robust. (+10% HP) [potion of
                  | mutation]
  3479 | D:5      | Lost mutation: Your magical capacity is low. (-10% MP)
                  | [potion of mutation]
  3479 | D:5      | Gained mutation: You are dopey. (Int -2) [potion of
                  | mutation]
  3479 | D:5      | Gained mutation: You passively map a small area around you.
                  | [potion of mutation]
  3479 | D:5      | Gained mutation: You are robust. (+10% HP) [potion of
                  | mutation]
  3489 | D:5      | Reached XP level 8. HP: 87/91 MP: 8/8
  3538 | D:5      | Found a staircase to the Ecumenical Temple.
  3590 | Temple   | Entered the Ecumenical Temple
  4071 | D:5      | Reached skill level 5 in Maces & Flails
  4113 | D:5      | Found a hazy altar of Hepliaklqana.
  4478 | D:6      | Lost mutation: Your movements are slightly less encumbered
                  | by armour. (ER -2) [potion of mutation]
  4478 | D:6      | Lost mutation: You are robust. (+10% HP) [potion of
                  | mutation]
  4478 | D:6      | Lost mutation: You are dopey. (Int -2) [potion of mutation]
  4478 | D:6      | Gained mutation: You are agile. (Dex +4, Str/Int -1)
                  | [potion of mutation]
  4478 | D:6      | Gained mutation: You are weak. (Str -2) [potion of
                  | mutation]
  4478 | D:6      | Gained mutation: You are somewhat resistant to further
                  | mutation. [potion of mutation]
  4479 | D:6      | Lost mutation: You are weak. (Str -2) [potion of mutation]
  4479 | D:6      | Lost mutation: You passively map a small area around you.
                  | [potion of mutation]
  4479 | D:6      | Lost mutation: You are somewhat resistant to further
                  | mutation. [potion of mutation]
  4479 | D:6      | Gained mutation: You have a pair of small antennae on your
                  | head. [potion of mutation]
  4479 | D:6      | Gained mutation: Armour fits poorly on your strangely
                  | shaped body. [potion of mutation]
  4479 | D:6      | Gained mutation: Your spells are a little harder to cast,
                  | but a little more powerful. [potion of mutation]
  4506 | D:6      | Found an opulent altar of Gozag.
  4559 | D:6      | Found a glowing drain.
  4723 | Sewer    | Entered a sewer
  4875 | Sewer    | Reached **** piety under Trog
  4918 | Sewer    | Found a viscous altar of Jiyva.
  5065 | Sewer    | Lost mutation: You are agile. (Dex +4, Str/Int -1) [potion
                  | of mutation]
  5065 | Sewer    | Lost mutation: You have a pair of small antennae on your
                  | head. [potion of mutation]
  5065 | Sewer    | Lost mutation: Armour fits poorly on your strangely shaped
                  | body. [potion of mutation]
  5065 | Sewer    | Gained mutation: You are somewhat resistant to further
                  | mutation. [potion of mutation]
  5168 | D:6      | Found a shadowy altar of Dithmenos.
  5212 | D:6      | Reached skill level 6 in Maces & Flails
  5389 | D:6      | Reached skill level 5 in Dodging
  5439 | D:6      | Found Verayxet's Neck Hole.
  5528 | D:6      | Noticed Pikel
  5535 | D:6      | Paralysed by Pikel for 2 turns
  5540 | D:6      | Killed Pikel
  5541 | D:6      | Reached skill level 7 in Maces & Flails
  5541 | D:6      | Reached XP level 9. HP: 80/93 MP: 5/9
  5730 | D:6      | Reached skill level 8 in Maces & Flails
  5748 | D:6      | Noticed Dowan
  5750 | D:6      | Noticed Duvessa
  5756 | D:6      | Killed Dowan
  5769 | D:6      | Killed Duvessa
  6444 | D:7      | Found a sacrificial altar of Ru.
  6732 | D:6      | Bought a scarf of resistance for 448 gold pieces
  7122 | D:7      | Reached skill level 9 in Maces & Flails
  7180 | D:7      | HP: 7/144 [killer bee (2)]
  7180 | D:7      | HP: 2/144 [killer bee (5)]
  7181 | D:7      | Succumbed to a killer bee's poison

Illustrated notes

Levels and vault maps discovered:
D:1:      lightli_arrival_windingriver, layout_rooms, minmay_pentomino_w4
D:2:      layout_basic, basic_altar, serial_bayou_ford_a, uniq_terence
D:3:      cheibrodos_helix_gallery, layout_rooms,
          nicolae_overflow_crystal_walls, mainiacjoe_overflow_tiny_flanked,
          hellmonk_ecumenical_altar_slurped_away
D:4:      kennysheep_the_goblin_king, layout_rooms, serial_shops,
          kennysheep_mini_moat, uniq_edmund
D:5:      layout_rooms, worldfamousw_hep_ancestral_shrine,
          minmay_temple_entry_poolview, serial_co_window_serial,
          co_window_corner_a, co_window_of_opportunity_a, co_window_corner_a,
          co_window_paths_b, co_window_of_opportunity_a, co_window_paths_a,
          co_window_paths_a, co_window_broadway_c, co_window_corner_b,
          co_window_corner_ca, co_window_corner_b, co_window_2corner,
          co_window_broadway_a, co_window_paths_e, glass_columns_c,
          glass_columns_b, glass_columns_a, glass_columns_c,
          chequers_serial_rivers_marsh
D:6:      layout_loops_ring, nicolae_gozag_cash_rules_everything_around_me,
          nicolae_dithmenos_through_a_glass_darkly, gup_sewer_entry_glass,
          nicolae_shop_sticking_my_neck_out, uniq_pikel, uniq_duvessa
D:7:      layout_cave_pods, nicolae_ru_path_of_blood,
          nicolae_ossuary_entry_catacombs
Temple:   bh_familiar_temple

Skill      XL: |  1  2  3  4  5  6  7  8  9 |
---------------+----------------------------+-----
Dodging        | 3 4 5 |  5.8
Axes           | 4 |  4.9
Fighting       | 5 6 7 8 |  8.1
Short Blades   | 1 |  1.1
Maces & Flails | 1 2 4 7 9 |  9.1

Action                     |  1- 3 |  4- 6 |  7- 9 || total
---------------------------+-------+-------+-------++-------
  Melee: Hand axe          |   111 |    38 |       ||   149
         Punch             |     1 |       |     7 ||     8
         Rapier            |       |    44 |       ||    44
         Mace              |       |    44 |   356 ||   400
  Throw: Boomerang         |       |       |     1 ||     1
 Invoke: Berserk           |     2 |     3 |     2 ||     7
         Trog's Hand       |       |     1 |       ||     1
    Use: Scroll            |       |    10 |    11 ||    21
         Potion            |       |     3 |     6 ||     9
   Stab: Sleeping          |       |       |     2 ||     2
 Armour: Animal skin       |    43 |    57 |   141 ||   241
         Robe              |       |       |    46 ||    46
  Dodge: Dodged            |    51 |    95 |   243 ||   389
